Map: Odyssey LE

Players

DneBays

  • Race: Protoss Protoss
  • League: Silver
  • Spawn Location: 11:00

barthak - Winner!

  • Race: Protoss Protoss
  • League: Gold
  • Spawn Location: 5:00

VOD

Have the link to the VOD?

Description

Time

  • Played on: Jan. 14, 2018, 6:03 p.m.
  • Length: 12:05
Show
View Real Time Build Order
Export as new Build Order

DneBays Protoss 

Build Orders: Cannon Rush 

Get SALT Encoding   

  12  0:01  Probe  
  13  0:13  Probe  
  14  0:18  Pylon  
  14  0:25  Probe  
  15  0:37  Probe  
  16  0:43  Forge  
  16  0:49  Probe  
  17  1:02  Pylon  
  17  1:08  Pylon  
  17  1:26  Photon Cannon  
  17  1:33  Photon Cannon  
  17  1:53  Photon Cannon  
  17  2:06  Pylon  
  17  2:14  Probe  
  18  2:25  Photon Cannon  
  18  2:27  Probe  
  18  2:29  Gateway  
  19  2:31  Photon Cannon  
  19  2:35  Pylon  
  19  2:39  Probe  
  20  2:50  Assimilator  
  20  2:51  Probe  
  21  2:54  Assimilator  
  21  2:58  Photon Cannon  
  21  3:01  Photon Cannon  
  21  3:03  Probe  
  22  3:07  Photon Cannon  
  22  3:12  Photon Cannon  
  22  3:24  Cybernetics Core  
  22  3:27  Zealot  
  24  4:19  Pylon  
  24  4:31  Probe  
  25  4:42  Robotics Facility  
  25  4:43  Probe  
  24  4:55  Probe  
  20  5:24  Nexus  
  19  5:42  Gateway  
  19  5:45  Stalker  
  21  5:50  Pylon  
  21  5:52  Photon Cannon  
  21  5:57  Photon Cannon  
  21  6:01  Photon Cannon  
  21  6:14  Photon Cannon  
  21  6:21  Photon Cannon  
  21  6:26  Probe  
  22  6:33  Stalker (Chrono Boost)  
  22  6:39  Probe  
  25  6:51  Probe  
  26  6:59  Warp Gate (Chrono Boost)  
  26  7:04  Probe (Chrono Boost)  
  27  7:11  Probe (Chrono Boost)  
  28  7:21  Probe (Chrono Boost)  
  29  7:26  Probe (Chrono Boost)  
  29  7:27  Stalker  
  32  7:35  Stalker  
  34  7:37  Probe  
  35  7:45  Twilight Council  
  35  7:49  Probe  
  36  7:55  Immortal  
  40  8:00  Probe (Chrono Boost)  
  41  8:11  Stalker, Probe (Chrono Boost)  
  44  8:15  Probe (Chrono Boost)  
  45  8:23  Blink (Chrono Boost)  
  45  8:25  Gateway  
  45  8:36  Protoss Ground Weapons Level 1  
  45  9:02  Probe (Chrono Boost)  
  46  9:06  Stalker  
  48  9:11  Probe (Chrono Boost)  
  48  9:16  Probe (Chrono Boost)  
  50  9:25  Stalker  
  50  9:28  Probe  
  53  9:32  Immortal  
  57  9:40  Probe  
  56  9:48  Stalker x2  
  60  9:56  Stargate  
  60  9:59  Assimilator  
  60  10:02  Assimilator  
  60  10:10  Shield Battery  
  60  10:13  Shield Battery  
  60  10:14  Stalker x2  
  60  10:16  Pylon  
  60  10:20  Pylon  
  64  10:26  Probe  
  65  10:38  Probe  
  65  10:39  Stalker x2  
  70  10:46  Phoenix  
  72  10:51  Probe  
  73  11:01  Photon Cannon  
  73  11:02  Photon Cannon  
  73  11:03  Probe  
  73  11:04  Photon Cannon  
  74  11:15  Probe  
Show
View Real Time Build Order
Export as new Build Order

barthak Protoss - Winner!

Build Orders:  

Get SALT Encoding   

  12  0:02  Probe  
  13  0:20  Probe  
  14  0:23  Pylon  
  14  0:33  Probe (Chrono Boost)  
  15  0:37  Assimilator  
  16  0:42  Probe (Chrono Boost)  
  16  0:47  Probe (Chrono Boost)  
  17  0:55  Gateway  
  17  0:59  Probe  
  18  1:42  Zealot (Chrono Boost)  
  20  1:59  Pylon  
  15  2:15  Pylon  
  15  2:20  Cybernetics Core  
  15  2:24  Gateway  
  15  2:33  Probe (Chrono Boost)  
  16  2:43  Probe (Chrono Boost)  
  17  2:48  Probe (Chrono Boost)  
  18  3:02  Nexus  
  18  3:12  Stalker (Chrono Boost)  
  20  3:23  Warp Gate  
  20  3:28  Pylon  
  20  3:30  Pylon  
  15  3:51  Forge  
  7  3:56  Stalker  
  9  4:20  Probe  
  10  4:50  Stalker  
  12  4:56  Probe  
  9  5:36  Probe  
  10  5:48  Probe  
  11  5:51  Photon Cannon  
  11  6:00  Probe (Chrono Boost)  
  13  6:13  Probe (Chrono Boost)  
  13  6:15  Assimilator  
  13  6:18  Probe (Chrono Boost)  
  14  6:27  Gateway  
  14  6:28  Gateway  
  14  6:40  Probe (Chrono Boost)  
  13  6:51  Probe (Chrono Boost)  
  14  6:55  Probe (Chrono Boost)  
  15  7:07  Probe (Chrono Boost)  
  16  7:17  Probe (Chrono Boost)  
  16  7:22  Probe (Chrono Boost)  
  18  7:33  Probe (Chrono Boost)  
  18  7:34  Nexus  
  19  7:42  Probe (Chrono Boost)  
  19  7:44  Pylon  
  20  7:45  Pylon  
  20  7:57  Zealot  
  20  7:58  Zealot  
  24  7:59  Stargate  
  24  8:20  Assimilator  
  24  8:25  Gateway  
  24  8:26  Gateway  
  24  8:34  Probe  
  25  8:42  Zealot x2  
  25  8:45  Void Ray  
  25  8:47  Probe  
  34  9:02  Probe (Chrono Boost)  
  36  9:03  Probe (Chrono Boost)  
  36  9:12  Probe (Chrono Boost)  
  36  9:13  Probe (Chrono Boost)  
  38  9:17  Probe x2 (Chrono Boost)  
  40  9:28  Probe x2, Zealot x2  
  46  9:35  Pylon  
  46  9:43  Cybernetics Core  
  46  9:50  Void Ray  
  50  9:54  Assimilator  
  50  9:55  Probe x2  
  52  10:07  Probe x2, Zealot  
  52  10:08  Zealot x3  
  62  10:22  Twilight Council  
  62  10:45  Stargate  
  62  10:48  Nexus  
  62  10:50  Pylon  
  62  10:52  Void Ray  
  66  11:06  Zealot x2  
  66  11:10  Zealot  
  66  11:11  Zealot  
  74  11:13  Probe x2  
  74  11:17  Pylon  
  76  11:22  Pylon  
  76  11:25  Probe x2  
  77  11:37  Probe  
  78  11:40  Probe  
  75  11:49  Probe  
Tags
 
Matchup
PvP
Spawn Locations
Cross Positions
Add a new tag
Caveats
  • Supply blocks, unpowered buildings, or Contaminate may cause inaccurate times.
  • Supply counts are checked every 10 seconds.